 Dungeon Crawl Stone Soup version 0.27.1-4-g1640c2035a (webtiles) character file.

Game seed: 17782002340477772563

19 Crownlay the Chopper (level 2, -1/39 HPs)
             Began as a Hill Orc Fighter on Nov 6, 2021.
             Slain by Natasha (4 damage)
             ... on level 2 of the Dungeon.
             The game lasted 00:01:05 (972 turns).

Crownlay the Chopper (Hill Orc Fighter)              Turns: 972, Time: 00:01:06

Health: -1/39      AC: 21    Str: 18    XL:     2   Next: 75%
Magic:  2/2        EV:  2    Int:  8    God:
Gold:   24         SH:  0    Dex:  8    Spells: 1/1 levels left

rFire    . . .     SeeInvis .   a - +0 war axe
rCold    . . .     Faith    .   (no shield)
rNeg     + + +     Spirit   .   (armour currently unavailable)
rPois    +         Reflect  .   (helmet currently unavailable)
rElec    .         Harm     .   (cloak currently unavailable)
rCorr    .         Rampage  .   (gloves currently unavailable)
Will     .....     NoTele   +   (boots currently unavailable)
Stlth    +.........             (no amulet)
HPRegen  0.13/turn              (no ring)
MPRegen  0.08/turn              (no ring)

@: tree-form, slowed, very slow
A: stationary, stasis, torment immunity, boosted hp, clumsy 1, MP-powered wands
a: no special abilities


You were on level 2 of the Dungeon.
You were a tree.
You visited 1 branch of the dungeon, and saw 2 of its levels.

You collected 24 gold pieces.

Inventory:

Hand Weapons
 a - a +0 war axe (weapon)
Armour
 b - a +0 scale mail (melded)
 c - a +0 kite shield
 f - a +0 pair of gloves (melded)
Scrolls
 g - a scroll of amnesia {unknown}
 i - a scroll of identify {unknown}
 j - a scroll of teleportation {unknown}
Potions
 d - a potion of might
 k - a potion of magic {unknown}


   Skills:
 - Level 3.6 Fighting
 * Level 4.3 Axes
 - Level 3.2 Armour
 - Level 3.2 Shields


You had one spell level left.
You didn't know any spells.
Your spell library contained the following spells:

 Spells                   Type           Power      Damage    Failure   Level
 Shock                    Conj/Air       0%         1d3       41%         1
 Swiftness                Air            0%         N/A       78%         3
 Airstrike                Air            0%         N/A       99%         4


Dungeon Overview and Level Annotations

Branches:
Dungeon (2/15)

Altars:

Shops:
D:1 [

Annotations:
D:2 Natasha


Innate Abilities, Weirdness & Mutations

You are a tree.
Your roots penetrate the ground, keeping you stationary.
You cannot be teleported.
You are immune to unholy pain and torment.
Your maximum health is greatly increased.
Your equipment is partially melded.
You are clumsy. (Dex -2)
You expend magic power (3 MP) to strengthen your wands.


Message History

You closely miss the shadow imp.
The shadow imp is lightly wounded.
You slash Natasha!
Natasha drinks a potion.
Natasha is healed!
The shadow imp hits you.
You hit the shadow imp but do no damage.
The shadow imp is lightly wounded.
You barely miss Natasha. Natasha casts a spell at you.
You feel yourself slow down. The shadow imp gestures at you.
Pain shoots through your body! Natasha closely misses you.
You are too injured to fight recklessly!
Your scale mail prevents you from hitting Natasha.
You closely miss the shadow imp. The shadow imp hits you.
* * * LOW HITPOINT WARNING * * *
Natasha closely misses you. The shadow imp closely misses you.
Natasha claws you.
* * * LOW HITPOINT WARNING * * *
It was a potion of mutation.
You feel extremely strange.
You feel clumsy.
You feel your magical essence link to the dungeon's wands.
The shadow imp hits you.
* * * LOW HITPOINT WARNING * * *
Natasha closely misses you. The shadow imp barely misses you.
It was a potion of lignification.
You turn into a tree.
Your +0 pair of gloves melds into your body.
Your +0 scale mail melds into your body.
Your roots penetrate the ground.
Natasha claws you but does no damage.
The shadow imp hits you but does no damage.
Natasha casts a spell at you.
You feel as though you will be slow longer.
You hit Natasha.
Natasha is lightly wounded.
You barely miss the shadow imp.
The shadow imp hits you but does no damage.
Natasha claws you.
* * * LOW HITPOINT WARNING * * *
The shadow imp hits you but does no damage.
Natasha claws you.
You die...

.#### ..
....#
#.#####....#
..#.......##
#.#.........
#.#.........
#....5..#
#..♣h..#
#.†##.##
##†# ## #.##
. #..#.#
##.#.#
#...#.#.#
#<..)...#
##.>#####


You could see Natasha and a shadow imp (summoned).

Vanquished Creatures
  A bat (D:2)
  A giant cockroach (D:1)
  A goblin (D:1)
  A hobgoblin (D:1)
  2 jackals (D:1)
  A quokka (D:1)
  2 ball pythons
  2 kobolds
  10 rats
21 creatures vanquished.

Notes
Turn   | Place    | Note
-------+----------+-------------------------------------------
     0 | D:1      | Crownlay the Hill Orc Fighter began the quest for the Orb.
     0 | D:1      | Reached XP level 1. HP: 19/19 MP: 1/1
    42 | D:1      | Reached skill level 3 in Axes
   190 | D:1      | Found Yrayps's Armour Shop.
   259 | D:1      | Found a faded altar of an unknown god.
   411 | D:1      | Reached XP level 2. HP: 26/26 MP: 2/2
   829 | D:1      | Reached skill level 4 in Axes
   963 | D:2      | Noticed Natasha
   970 | D:2      | Gained mutation: You are clumsy. (Dex -2) [potion of
                  | mutation]
   970 | D:2      | Gained mutation: You expend magic power (3 MP) to
                  | strengthen your wands. [potion of mutation]
   972 | D:2      | Slain by Natasha

Illustrated notes

Levels and vault maps discovered:
D:1:      dpeg_arrival_oval, layout_loops_ring, serial_shops, shop,
          basic_ecumenical_altar, minmay_rat_gold_closets
D:2:      layout_basic, minmay_pentomino_q2, uniq_natasha

Skill      XL: |  1  2 |
---------------+-------+-----
Axes           | 3 4 |  4.3
Fighting       | |  3.6
Armour         | |  3.2
Shields        | |  3.2

Action                   || total
-------------------------++-------
Melee: War axe           ||    58
  Use: Potion            ||     2
Armor: Scale mail        ||    26
       Skin              ||     4
Dodge: Dodged            ||    27
